 Dungeon Crawl Stone Soup version 0.23-a0-586-gacb4b3f (webtiles) character file.

1170 Geeful the Digger (level 8, -1/46 HPs)
             Began as an Octopode Earth Elementalist on Dec 18, 2018.
             Was a Believer of Nemelex Xobeh.
             Slain by Duvessa
             ... wielding a +0 short sword
              (12 damage)
             ... on level 6 of the Dungeon.
             The game lasted 00:25:13 (5867 turns).

Geeful the Digger (Octopode Earth Elementalist)     Turns: 5867, Time: 00:25:14

Health: -1/46      AC:  1    Str:  8    XL:     8   Next: 40%
Magic:  6/14       EV: 15    Int: 19    God:    Nemelex Xobeh [**....]
Gold:   185        SH:  8    Dex: 12    Spells: 5/15 levels left

rFire    . . .     SeeInvis +   h - +1 dagger (venom)
rCold    . . .     Gourm    .   y - +3 buckler
rNeg     . . .     Faith    .   (helmet restricted)
rPois    +         Spirit   .   (no amulet)
rElec    .         Reflect  .   p - ring of poison resistance
rCorr    .         Harm     .   s - ring of wizardry
MR       .....                  G - ring of see invisible
Stlth    +++.......             (no ring)
HPRegen  0.15/turn              (no ring)
MPRegen  0.14/turn              (no ring)
                                (no ring)
                                (no ring)

@: no status effects
A: almost no armour, stealthy swim, amphibious, 8 rings, constrict 8, camouflage
1, gelatinous body 1
a: Renounce Religion


You were on level 6 of the Dungeon.
You worshipped Nemelex Xobeh.
Nemelex Xobeh was pleased with you.
You were hungry.

You visited 1 branch of the dungeon, and saw 6 of its levels.
You also visited: Ossuary.

You collected 395 gold pieces.
You spent 210 gold pieces at shops.

Inventory:

Hand Weapons
 h - a +1 dagger of venom (weapon)
Missiles
 b - 115 stones (quivered)
 n - a throwing net
Armour
 y - a +3 buckler (worn)
Jewellery
 g - an uncursed ring of fire
 p - a ring of poison resistance (left tentacle)
 s - a ring of wizardry (right tentacle)
 G - a ring of see invisible (on tentacle)
Scrolls
 a - 2 scrolls of fog
 o - a scroll of magic mapping
 w - a scroll of enchant weapon
 x - 4 scrolls of immolation
 D - 3 scrolls of remove curse
Potions
 d - 3 potions of haste
 e - a potion of mutation
 j - 7 potions of curing
 l - a potion of berserk rage {unknown}
 q - a potion of agility {unknown}
 r - 2 potions of might {unknown}
 u - 3 potions of ambrosia
 z - 3 potions of brilliance {unknown}
 A - a potion of magic {unknown}
 B - a potion of lignification {unknown}
 C - 3 potions of flight {unknown}
 F - a potion of heal wounds {unknown}
Miscellaneous
 k - a plain deck of summoning {drawn: 4}
Comestibles
 c - 7 rations
 E - 6 chunks of flesh


   Skills:
 + Level 4.6 Dodging
 - Level 3.6 Stealth
 - Level 4.0 Shields
 + Level 4.3 Spellcasting
 - Level 1.0 Transmutations
 + Level 5.3 Earth Magic
 + Level 4.2 Invocations


You had 5 spell levels left.
You knew the following spells:

 Your Spells              Type           Power        Failure   Level  Hunger
a - Sandblast             Erth           ###...       1%          1    None
b - Passwall              Tmut/Erth      ###.....     2%          2    #......
c - Stone Arrow           Conj/Erth      ##....       5%          3    ###....
d - Petrify               Tmut/Erth      ###.....     14%         4    ####...

Your spell library contained the following spells:

 Spells                   Type           Power        Failure   Level  Hunger
 Magic Dart               Conj           #...         5%          1    None
 Shock                    Conj/Air       #...         5%          1    None
 Blink                    Tloc           N/A          9%          2    #......
 Call Imp                 Summ           #.......     9%          2    #......
 Slow                     Hex            #.......     9%          2    #......
 Swiftness                Chrm/Air       #.......     9%          2    #......
 Conjure Flame            Conj/Fire      #.......     16%         3    ###....
 Mephitic Cloud           Conj/Pois/Air  #.......     16%         3    ###....
 Static Discharge         Conj/Air       #.......     16%         3    ###....
 Lee's Rapid Deconstruct  Erth           ###.......   16%         5    ######.
 Airstrike                Air            #.........   45%         4    ####...
 Lightning Bolt           Conj/Air       #.........   78%         5    ######.


Dungeon Overview and Level Annotations

Branches:
Dungeon (6/15)
 Temple: D:4-7

Altars:
Fedhas
Hepliaklqana
Nemelex Xobeh
Okawaru

Shops:
D:5 =

Annotations:
D:6 Duvessa


Innate Abilities, Weirdness & Mutations

You cannot wear most types of armour.
You are very stealthy in the water. (Stealth+)
You are amphibious.
You can wear up to eight rings at the same time.
You can use your tentacles to constrict eight enemies at once.
Your skin changes colour to match your surroundings (Stealth+).
Your rubbery body absorbs attacks. (AC +1, EV +1)


Message History

You draw a card...
It is the Pentagram.
You block the chaos spawn's attack.
As you read the scroll of fear, it crumbles to dust.
You assume a fearsome visage.
Your -2 quarterstaff is unaffected.
The orange demon is unaffected.
The water moccasin looks frightened!
The chaos spawn is unaffected.
Your hell hound is unaffected. x2
Your hell hound bites Duvessa but does no damage.
Your hell hound closely misses the chaos spawn.
Duvessa hits you with a +0 short sword! The chaos spawn gores you!
The chaos spawn freezes you. The orange demon stings you from afar.
* * * LOW HITPOINT WARNING * * *
Your hell hound closely misses Duvessa.
Your hell hound breathes flames at the chaos spawn.
The blast of flame hits the chaos spawn.
Your -2 quarterstaff misses the chaos spawn.
The chaos spawn gores your hell hound! The chaos spawn shocks your hell hound!
Your hell hound bites the chaos spawn.
Duvessa hits you with a +0 short sword!
You die...
Your body glows slightly and disappears.

#######...##..≈≈≈≈P<.≈≈≈
# #...##..≈≈≈≈≈≈≈≈≈≈≈..
# #...##...≈≈≈≈≈≈≈≈≈...
# #.........≈≈≈≈≈≈≈....
#.........).≈≈≈..S...
#.........'..........
#.........##.........
#.........##h...)....
#...###...@e4(.......
#...# #......h.......
#... #....4......... #..
#..............
#........######
#........# ##########


You could see an orange demon, Duvessa (berserk), a chaos spawn, a water
moccasin (fleeing), 2 friendly hell hounds and a friendly -2 quarterstaff.

Vanquished Creatures
  Eustachio (D:4)
  Edmund (D:6)
  An orc warrior (D:6)
  A howler monkey (D:6)
  2 centaur zombies
  A crimson imp (D:5)
  A jelly (D:4)
  2 orc priests (D:5)
  8 orc wizards
  Jessica (D:2)
  An iguana (D:6)
  3 worker ants
  2 big kobold zombies (Ossuary)
  3 mummies (Ossuary)
  A hound skeleton (D:5)
  4 adders
  A shadow imp (D:5)
  An ooze (D:4)
  A worm (D:4)
  2 dart slugs
  2 leopard geckos
  16 orcs
  4 bats
  4 giant cockroaches
  3 gnoll zombies (Ossuary)
  6 goblins
  6 hobgoblins
  16 jackals
  2 ball pythons
  4 frilled lizards
  A hobgoblin zombie (Ossuary)
  A jackal zombie (D:5)
  6 kobolds
  A kobold zombie (Ossuary)
  A quokka skeleton (D:4)
  11 rats
122 creatures vanquished.

Vanquished Creatures (collateral kills)
  Dowan (D:6)
1 creature vanquished.

Vanquished Creatures (others)
  A hound (D:5)
  A giant cockroach (D:5)
  A bat (D:5)
3 creatures vanquished.

Grand Total: 126 creatures vanquished

Notes
Turn   | Place    | Note
-------+----------+-------------------------------------------
     0 | D:1      | Geeful the Octopode Earth Elementalist began the quest for
                  | the Orb.
     0 | D:1      | Reached XP level 1. HP: 11/11 MP: 3/3
   484 | D:1      | Reached XP level 2. HP: 17/17 MP: 5/5
   834 | D:1      | Reached XP level 3. HP: 10/21 MP: 6/6
  1404 | D:2      | Found a sparkling altar of Nemelex Xobeh.
  1415 | D:2      | Became a worshipper of Nemelex Xobeh the Trickster
  1443 | D:2      | Learned a level 2 spell: Passwall
  1447 | D:2      | Learned a level 3 spell: Stone Arrow
  1465 | D:2      | Received a gift from Nemelex Xobeh
  1487 | D:2      | Noticed Jessica
  1734 | D:2      | Killed Jessica
  1734 | D:2      | Reached skill level 1 in Invocations
  1734 | D:2      | Reached XP level 4. HP: 8/27 MP: 5/7
  2202 | D:3      | Found an iron altar of Okawaru.
  2204 | D:3      | Found a hazy altar of Hepliaklqana.
  2225 | D:3      | Received a gift from Nemelex Xobeh
  2234 | D:3      | Reached * piety under Nemelex Xobeh
  2316 | D:3      | Reached skill level 1 in Shields
  2317 | D:3      | Reached XP level 5. HP: 22/31 MP: 4/9
  2811 | D:4      | Found a sand-covered staircase.
  2828 | Ossuary  | Entered an ossuary
  3366 | Ossuary  | Reached XP level 6. HP: 36/36 MP: 8/10
  3555 | D:4      | Noticed Eustachio
  3999 | D:4      | Killed Eustachio
  3999 | D:4      | Reached skill level 4 in Earth Magic
  3999 | D:4      | Reached XP level 7. HP: 24/41 MP: 6/11
  4521 | D:5      | Entered Level 5 of the Dungeon
  4923 | D:5      | Learned a level 4 spell: Petrify
  5022 | D:5      | Reached ** piety under Nemelex Xobeh
  5142 | D:5      | Reached XP level 8. HP: 22/46 MP: 13/13
  5504 | D:5      | Reached skill level 5 in Earth Magic
  5568 | D:5      | Found Paholo's Jewellery Boutique.
  5579 | D:5      | Bought an uncursed ring of see invisible for 210 gold
                  | pieces
  5761 | D:6      | Found a blossoming altar of Fedhas.
  5762 | D:6      | Noticed Edmund
  5775 | D:6      | Killed Edmund
  5857 | D:6      | Noticed Dowan
  5858 | D:6      | Noticed Duvessa
  5861 | D:6      | Killed Dowan
  5865 | D:6      | Noticed an orange demon
  5867 | D:6      | Slain by Duvessa

Vault maps used:
D:1:      nicolae_arrival_memento_mori, supply_closet_lemuel,
          serial_bayou_lake_a
D:2:      first_ration, nemelex_xobeh_ov_fountains_minmay, uniq_jessica
D:3:      chequers_temple_overflow_statue_of_worship
D:4:      enter_ossuary_1, uniq_eustachio
D:5:      serial_shops, nicolae_shop_window_shopping
D:6:      cheibrodos_thug_alley, nrook_pool_corridor, fedhas_ov_isle_minmay,
          uniq_menkaure, uniq_crazy_yiuf_cottage, uniq_edmund, uniq_duvessa
Ossuary:  ossuary_crypta

Skill      XL: |  1  2  3  4  5  6  7  8 |
---------------+-------------------------+-----
Stealth        | 3 |  3.6
Invocations    | 1 2 3 4 |  4.2
Shields        | 1 3 4 |  4.0
Dodging        | 3 4 |  4.6
Spellcasting   | 3 4 |  4.3
Earth Magic    | 4 5 |  5.3
Transmutations | |  1.0

Action                   |  1- 3 |  4- 6 |  7- 9 || total
-------------------------+-------+-------+-------++-------
Melee: Short sword       |    15 |       |       ||    15
       Constrict         |    25 |    25 |    33 ||    83
       Dagger            |    66 |   103 |   121 ||   290
       Unarmed           |     2 |       |       ||     2
       Tentacles         |    14 |    12 |    26 ||    52
 Cast: Sandblast         |     3 |    23 |    10 ||    36
       Petrify           |       |       |     5 ||     5
Evoke: Deck              |       |     6 |    11 ||    17
  Use: Scroll            |     4 |    12 |     5 ||    21
       Potion            |       |     2 |       ||     2
 Stab: Sleeping          |     9 |    13 |     6 ||    28
       Distracted        |     1 |     1 |       ||     2
       Petrified         |       |       |     1 ||     1
  Eat: Chunk             |     3 |     4 |     2 ||     9
       Ration            |       |     1 |     1 ||     2
Armor: Skin              |     8 |     5 |     2 ||    15
Dodge: Dodged            |    47 |    47 |    80 ||   174
Block: Buckler           |       |    20 |    29 ||    49

Table legend:
 A = Non-vault XP
 B = Vault XP
 C = Vault XP percentage of total XP
 D = Non-vault monster count
 E = Vault monster count
 F = Vault count percentage of total count
                 A         B        C        D         E       F
            +---------+---------+-------+---------+---------+-------
      Total |    1146 |     526 |  31.5 |     111 |      15 |  11.9
            +---------+---------+-------+---------+---------+-------
        D:1 |      47 |       0 |   0.0 |      28 |       0 |   0.0
        D:2 |      33 |      37 |  52.9 |      12 |       1 |   7.7
        D:3 |     116 |       0 |   0.0 |      16 |       0 |   0.0
        D:4 |     246 |     203 |  45.2 |      24 |       1 |   4.0
        D:5 |     336 |       0 |   0.0 |      19 |       0 |   0.0
        D:6 |     368 |     121 |  24.7 |      12 |       2 |  14.3
    Ossuary |       0 |     165 | 100.0 |       0 |      11 | 100.0
            +---------+---------+-------+---------+---------+-------
